Map: Washout LE

Players

Lambo - Winner!

  • Race: Zerg Zerg
  • Spawn Location: 7:00

Serral

  • Race: Zerg Zerg
  • League: Master
  • Spawn Location: 1:00

VOD

Have the link to the VOD?

Description

Time

  • Played on: July 5, 2026, 11:39 a.m.
  • Length: 8:48
Show
View Real Time Build Order
Export as new Build Order

Lambo Zerg - Winner!

Build Orders: Hatch First 

Get SALT Encoding   

  8  0:00  Drone  
  9  0:10  Drone  
  10  0:15  Drone  
  11  0:21  Drone  
  12  0:29  Extractor, Drone  
  13  0:37  Overlord  
  13  0:55  Drone x2  
  15  1:09  Hatchery  
  14  1:13  Drone  
  14  1:16  Drone  
  16  1:20  Drone  
  17  1:34  Spawning Pool  
  17  1:37  Drone  
  17  1:39  Extractor  
  16  1:42  Drone  
  17  1:49  Drone  
  16  2:24  Zergling x8  
  19  2:33  Drone  
  19  2:34  Queen  
  21  2:42  Drone x2  
  23  2:49  Overlord  
  23  2:53  Drone  
  24  3:07  Drone x3  
  24  3:11  Overlord  
  27  3:14  Drone  
  28  3:23  Drone  
  28  3:24  Drone  
  28  3:25  Queen  
  32  3:29  Extractor  
  32  3:31  Drone  
  32  3:37  Overlord  
  32  3:45  Drone x5  
  37  3:55  Overlord  
  37  3:56  Drone  
  37  3:59  Queen  
  40  4:04  Drone  
  41  4:10  Drone  
  41  4:15  Drone x2  
  44  4:21  Drone x3  
  47  4:27  Hatchery  
  47  4:31  Metabolic Boost  
  46  4:40  Overlord  
  46  4:41  Drone x2  
  46  4:42  Overlord  
  48  4:46  Drone  
  48  4:47  Drone  
  48  4:48  Evolution Chamber  
  48  4:49  Drone, Extractor  
  49  4:59  Roach Warren  
  48  5:02  Zergling x10  
  48  5:05  Evolution Chamber  
  51  5:09  Evolution Chamber  
  51  5:12  Zergling x6  
  53  5:20  Zergling x10  
  58  5:25  Zergling x2  
  58  5:27  Zergling x2  
  60  5:31  Zergling x2  
  62  5:36  Hatchery  
  62  5:38  Zerg Ground Armor Level 1  
  62  5:39  Zergling x4  
  62  5:40  Extractor  
  62  5:45  Zergling x6  
  65  5:51  Zerg Melee Weapons Level 1  
  65  5:53  Drone  
  65  5:56  Zergling x6  
  69  6:04  Zergling x6  
  70  6:11  Zergling x4  
  70  6:12  Overlord  
  70  6:15  Overlord  
  71  6:22  Overlord  
  68  6:28  Zergling x10  
  68  6:32  Hatchery  
  70  6:41  Roach x4  
  70  6:46  Roach  
  70  6:47  Roach  
  80  6:54  Roach x4  
  88  7:03  Roach  
  88  7:04  Roach  
  92  7:10  Roach  
  92  7:11  Overlord  
  92  7:13  Overlord  
  92  7:14  Overlord  
  94  7:16  Overlord  
  94  7:20  Zergling x2  
  94  7:22  Overlord  
  94  7:23  Zergling x2  
  94  7:29  Zergling x6  
  98  7:30  Ravager x4  
  98  7:36  Zergling x6  
  105  7:39  Zergling x2  
  105  7:40  Ravager  
  105  7:42  Zergling x2  
  108  7:47  Zergling x4  
  108  7:48  Ravager  
  108  7:51  Zergling x6  
  113  7:54  Queen  
  113  7:56  Zergling x4  
  113  7:58  Zergling x2  
  118  8:00  Ravager  
  119  8:06  Zergling x8  
  116  8:13  Zergling x2  
  116  8:14  Zergling x4  
  116  8:18  Zergling x2  
  116  8:19  Zergling x2  
  109  8:21  Zergling x6  
  111  8:27  Zergling x2  
  111  8:28  Zergling x2  
  115  8:34  Ravager x3  
Show
View Real Time Build Order
Export as new Build Order

Serral Zerg 

Build Orders: Pool First 

Get SALT Encoding   

  8  0:00  Drone  
  9  0:10  Drone  
  10  0:32  Spawning Pool  
  9  0:38  Drone  
  10  0:43  Drone  
  10  0:49  Drone  
  12  1:00  Overlord  
  12  1:19  Zergling x6  
  15  1:29  Zergling x2  
  16  1:39  Zergling x2  
  17  1:48  Hatchery  
  17  1:52  Drone  
  17  1:59  Drone  
  18  2:11  Queen  
  17  2:23  Drone  
  17  2:25  Overlord  
  18  2:30  Drone  
  18  2:36  Extractor  
  16  2:39  Drone  
  17  2:47  Queen  
  17  2:50  Drone  
  20  3:00  Zergling x4  
  22  3:08  Drone  
  23  3:14  Drone  
  24  3:20  Drone x2  
  24  3:25  Overlord  
  24  3:26  Drone  
  27  3:29  Drone  
  27  3:32  Drone  
  29  3:39  Metabolic Boost  
  29  3:43  Drone  
  29  3:46  Drone  
  31  3:49  Drone  
  31  3:52  Overlord  
  31  3:55  Drone  
  33  3:57  Drone  
  33  3:59  Drone  
  35  4:04  Drone x2  
  35  4:06  Drone  
  35  4:08  Drone  
  39  4:11  Drone  
  39  4:14  Drone  
  39  4:15  Drone  
  42  4:23  Overlord  
  42  4:25  Drone  
  42  4:27  Evolution Chamber  
  42  4:29  Zergling x6  
  42  4:30  Zergling x2  
  46  4:34  Zergling x2  
  47  4:41  Hatchery  
  47  4:45  Overlord  
  46  4:47  Zergling x4  
  48  4:57  Zergling x2  
  48  4:58  Drone x5  
  54  5:00  Zerg Ground Armor Level 1  
  54  5:07  Roach Warren, Drone  
  54  5:14  Overlord  
  54  5:16  Zergling x2  
  54  5:17  Drone x3  
  54  5:21  Drone  
  58  5:26  Queen  
  58  5:27  Extractor  
  58  5:28  Zergling x4  
  61  5:35  Zergling x10  
  61  5:40  Overlord, Extractor  
  64  5:48  Drone  
  65  5:50  Roach  
  69  5:57  Roach x3  
  69  6:03  Evolution Chamber, Roach x3  
  77  6:07  Overlord  
  77  6:12  Lair  
  77  6:13  Roach  
  76  6:22  Zergling x2  
  76  6:23  Zergling x2, Ravager  
  71  6:28  Zergling x6  
  72  6:35  Zergling x4  
  72  6:37  Hatchery  
  73  6:40  Zerg Missile Weapons Level 1  
  73  6:41  Roach  
  73  6:42  Zergling x2, Roach x2  
  73  6:46  Zergling x4  
  82  6:52  Overlord  
  82  6:54  Queen  
  84  7:10  Glial Reconstitution  
  84  7:11  Overseer  
  84  7:13  Drone x3  
  84  7:14  Drone x2  
  90  7:29  Roach  
  94  7:30  Roach  
  94  7:32  Overlord x2  
  94  7:39  Roach x2  
  96  7:46  Roach  
  96  7:48  Overlord  
  96  7:50  Roach x5  
  106  7:52  Spine Crawler  
  106  7:53  Roach  
  107  7:59  Ravager, Roach  
  107  8:00  Roach  
  107  8:01  Spine Crawler  
  107  8:03  Roach  
  113  8:07  Roach x3  
  113  8:10  Roach  
  113  8:11  Roach  
  114  8:14  Roach x2  
  114  8:17  Roach  
  114  8:19  Roach  
  88  8:23  Roach  
  88  8:26  Roach  
  86  8:27  Roach  
  86  8:35  Roach Warren  
Tags
 
League
Master
Matchup
ZvZ
Race
Zerg
Replay Pack
hsc29
Spawn Locations
Cross Positions
Add a new tag
Caveats
  • Supply blocks, unpowered buildings, or Contaminate may cause inaccurate times.
  • Supply counts are checked every 10 seconds.